 Dungeon Crawl Stone Soup version 0.21-a0-630-g344d351 (webtiles) character file.

254 slep the Slasher (level 6, 0/32 HPs)
             Began as a Vine Stalker Gladiator on Dec 27, 2017.
             Slain by an orc priest
             ... wielding a +0 trident
              (2 damage)
             ... on level 4 of the Dungeon.
             The game lasted 00:08:33 (2026 turns).

slep the Slasher (Vine Stalker Gladiator)           Turns: 2026, Time: 00:08:34

Health: 0/32       AC:  6    Str: 16    XL:     6   Next: 14%
Magic:  0/7        EV: 12    Int:  8    God:
Gold:   227        SH:  0    Dex: 18    Spells: 5/5 levels left

rFire    . . .     SeeInvis .   a - +0 long sword
rCold    . . .     Gourm    .   (no shield)
rNeg     + . .     Faith    +   x - +2 robe {rN+}
rPois    .         Spirit   +   y - +1 helmet
rElec    .         Reflect  .   (no cloak)
rCorr    .         Harm     .   (no gloves)
MR       .....                  (no boots)
Stlth    ++........             w - amulet of faith
HPRegen  0.50/turn              h - ring of flight
MPRegen  0.10/turn              i - -2 ring of evasion (curse)

@: no status effects
A: fangs 2, regeneration 1, magic shield, antimagic bite, no potion heal 3, rot
immunity
a: Evoke Flight


You were on level 4 of the Dungeon.
You were hungry.

You visited 1 branch of the dungeon, and saw 4 of its levels.

You collected 227 gold pieces.

Inventory:

Hand Weapons
 a - a +0 long sword (weapon)
Missiles
 d - 3 throwing nets (quivered)
 n - 34 poisoned needles
Armour
 b - a +0 leather armour
 c - a +0 helmet
 v - a +0 ring mail of fire resistance
 x - a +2 robe of positive energy (worn)
 y - a +1 helmet (worn)
Jewellery
 h - a ring of flight (left hand)
 i - a cursed -2 ring of evasion (right hand)
 j - an uncursed amulet of guardian spirit
 w - an amulet of faith (around neck)
Scrolls
 e - 2 scrolls of enchant armour {unknown}
 k - 3 scrolls of remove curse {unknown}
 m - a scroll of blinking {unknown}
 p - a scroll of fog {unknown}
 t - a scroll of teleportation {unknown}
 u - a scroll of identify {unknown}
Potions
 g - 2 potions of haste {unknown}
 l - 2 potions of heal wounds {unknown}
 o - a potion of invisibility {unknown}
 q - a potion of flight {unknown}
 r - a potion of cancellation {unknown}
 s - a potion of curing {unknown}
 z - a potion of magic {unknown}
Comestibles
 f - 5 rations


   Skills:
 + Level 2.7 Fighting
 + Level 4.1 Long Blades
 + Level 2.3 Throwing
 + Level 2.0 Armour
 + Level 3.1 Dodging
 + Level 1.2 Stealth


You had 5 spell levels left.
You didn't know any spells.

Dungeon Overview and Level Annotations

Branches:
Dungeon (4/15)
 Temple: D:4-7

Altars:
Ru

Shops:
D:4 =*

Annotations:
D:4 Sin92's ghost, amateur MiFi


Innate Abilities, Weirdness & Mutations

You have extremely sharp teeth.
Your natural rate of healing is unusually fast.
When hurt, damage is shared between your health and your magic reserves.
Your bite disrupts and absorbs the magic of your enemies.
Potions cannot restore your health.
You are immune to rotting.


Message History

* * * LOW HITPOINT WARNING * * *
The orc wizard falters for a moment.
You barely miss the orc wizard. You bite the orc wizard.
The orc wizard's magic leaks into the air.
You drain its magic.
You feel invigorated.
The orc wizard is severely wounded.
The orc hits you with a whip.
* * * LOW HITPOINT WARNING * * *
The orc priest hits you but does no damage.
The orc wizard hits you but does no damage.
Something hits you but does no damage. The orc barely misses you.
You hit the orc wizard.
You kill the orc wizard!
Your Armour skill increases to level 2!
You have reached level 6!
Your experience leads to an increase in your attributes!
Increase (S)trength, (I)ntelligence, or (D)exterity?
You feel agile.
The orc priest hits you from afar with a trident.
You die...

.....######## #########
............. .........
......##########....#...
...............'.......#
.....###########.....#.#
###........ +.......#
#####...# #.......#
#...+...+ +(......#
##.###...#######@)..#..#
.....'.).+.....{o#### .#
##.###...#......o# # #.#
#...#........ #.#
#...####..... #.# #...#
#.....# ##.# #...#
##..### #. ### ...#
#...# ##.#.. ... ..#
...# ##### #.... ...#
#.#


You could see an orc priest and an orc.

Vanquished Creatures
  An ogre (D:4)
  3 orc wizards (D:4)
  An adder (D:2)
  2 worms
  2 dart slugs
  2 leopard geckos (D:1)
  6 orcs
  2 giant cockroaches
  8 goblins
  6 hobgoblins
  4 jackals
  4 quokkas
  5 ball pythons
  5 bats
  2 frilled lizards
  4 kobolds
  3 rats
60 creatures vanquished.

Notes
Turn   | Place    | Note
-------+----------+-------------------------------------------
     0 | D:1      | slep the Vine Stalker Gladiator began the quest for the Orb.
     0 | D:1      | Reached XP level 1. HP: 11/11 MP: 2/2
   121 | D:1      | Reached XP level 2. HP: 5/15 MP: 0/3
   495 | D:1      | Reached XP level 3. HP: 9/18 MP: 4/4
   538 | D:2      | Reached skill level 3 in Long Blades
   972 | D:3      | Gained mutation: Your natural rate of healing is unusually fast. [Vine Stalker growth]
   972 | D:3      | Reached XP level 4. HP: 20/23 MP: 5/5
   974 | D:3      | Reached skill level 1 in Armour
  1658 | D:4      | Noticed Sin92's ghost (amateur MiFi)
  1723 | D:4      | Found Affaguji's Jewellery Emporium.
  1821 | D:4      | Found a sacrificial altar of Ru.
  1831 | D:4      | Reached XP level 5. HP: 23/26 MP: 6/6
  1921 | D:4      | Noticed an ogre
  1922 | D:4      | Found Bomn's General Store.
  1938 | D:4      | Killed an ogre
  1938 | D:4      | Reached skill level 4 in Long Blades
  1938 | D:4      | Reached skill level 1 in Stealth
  2025 | D:4      | HP: 1/27 [orc/whip (2)]
  2026 | D:4      | Reached XP level 6. HP: 1/32 MP: 1/7
  2026 | D:4      | Slain by an orc priest

Vault maps used:
D:1:      dpeg_arrival_morbid_curiosity, minmay_domino_2
D:2:      minmay_cupped
D:4:      nicolae_ru_great_annihilating_truth, first_ration, serial_shops,
          nicolae_shop_stone, shop, corexii_corridor_pit

Skill      XL: |  1  2  3  4  5 |
---------------+----------------+-----
Throwing       | 2 |  2.3
Long Blades    | 3 4 |  4.1
Fighting       | 2 |  2.7
Armour         | 1 2 |  2.0
Dodging        | 3 |  3.1
Stealth        | 1 |  1.2

Action                   |  1- 3 |  4- 6 || total
-------------------------+-------+-------++-------
Melee: Long sword        |    69 |    85 ||   154
       Bite              |    26 |    33 ||    59
 Stab: Sleeping          |     2 |       ||     2
       Paralysed         |       |     1 ||     1
  Eat: Chunk             |       |     3 ||     3
Armor: Leather armour    |    27 |    19 ||    46
       Ring mail         |       |     5 ||     5
       Robe              |       |     5 ||     5
Dodge: Dodged            |    65 |    56 ||   121
       Rpst.: Long sword |    21 |    19 ||    40

Table legend:
 A = Spawn XP
 B = Non-spawn XP
 C = Spawn XP percentage of total XP
 D = Spawn monster count
 E = Non-spawn monster count
 F = Spawn count percentage of total count
 G = Total turns spent on level
                    A         B        C        D         E        F      G
               +---------+---------+-------+---------+---------+-------+---------
         Total |       0 |     363 |   0.0 |       0 |      60 |   0.0 |  2026
               +---------+---------+-------+---------+---------+-------+---------
           D:1 |       0 |      34 |   0.0 |       0 |      17 |   0.0 |   536
           D:2 |       0 |      39 |   0.0 |       0 |      14 |   0.0 |   424
           D:3 |       0 |      43 |   0.0 |       0 |      20 |   0.0 |   751
           D:4 |       0 |     247 |   0.0 |       0 |       9 |   0.0 |   315
               +---------+---------+-------+---------+---------+-------+---------
